 Dungeon Crawl Stone Soup version 0.21-b1-21-g86478ac (webtiles) character file.

3790 KeeTraxx the Magician (level 10, -2/77 HPs)
             Began as a Gnoll Skald on Jan 4, 2018.
             Was an Elder of Wu Jian.
             Slain by a bullfrog (9 damage)
             ... on level 8 of the Dungeon.
             The game lasted 00:19:21 (6942 turns).

KeeTraxx the Magician (Gnoll Skald)                 Turns: 6942, Time: 00:19:21

Health: -2/77      AC:  8    Str: 13    XL:     10   Next: 16%
Magic:  7/20       EV: 16    Int: 20    God:    Wu Jian [****..]
Gold:   345        SH:  0    Dex: 14    Spells: 16/23 levels left

rFire    . . .     SeeInvis +   a - +1 trident
rCold    . . .     Gourm    .   (no shield)
rNeg     . . .     Faith    +   B - +3 robe of Parlour Games {MR+ SInv Stlth+}
rPois    .         Spirit   .   G - +0 helmet
rElec    .         Reflect  .   (no cloak)
rCorr    .         Harm     .   f - +0 pair of gloves
MR       +++..                  (no boots)
Stlth    ++++......             E - amulet of faith
HPRegen  0.22/turn              e - ring of protection from magic
MPRegen  0.17/turn              C - ring of protection from magic

@: exhausted, infused
A: distributed training, fangs 1, strong nose
a: Wall Jump, Serpent's Lash, Renounce Religion


You were on level 8 of the Dungeon.
You worshipped Wu Jian.
Wu Jian was greatly pleased with you.
You were not hungry.

You visited 1 branch of the dungeon, and saw 8 of its levels.

You collected 498 gold pieces.
You spent 153 gold pieces at shops.

Inventory:

Hand Weapons
 a - a +1 trident (weapon)
 b - a +0 hunting sling
 u - a +0 mace
 w - a +0 falchion
 H - a +0 blowgun
Missiles
 k - 29 sling bullets
 l - 230 stones (quivered)
 I - 31 poisoned needles
Armour
 f - a +0 pair of gloves (worn)
 m - a +0 leather armour
 B - the +3 robe of Parlour Games (worn) {MR+ SInv Stlth+}
   (You bought it in a shop on level 5 of the Dungeon)

   It affects your resistance to hostile enchantments.
   It lets you see invisible.
   It makes you more stealthy.
 G - a +0 helmet (worn)
Jewellery
 e - a ring of protection from magic (left hand)
 i - an uncursed ring of flight
 p - an uncursed amulet of guardian spirit
 C - a ring of protection from magic (right hand)
 E - an amulet of faith (around neck)
Wands
 q - a wand of random effects (43)
 y - a wand of flame (44)
 L - a wand of clouds (5)
Scrolls
 g - 5 scrolls of identify
 h - 2 scrolls of random uselessness
 o - 2 scrolls of amnesia {unknown}
 s - 2 scrolls of teleportation
 t - 2 scrolls of remove curse
 x - 2 scrolls of fear
Potions
 j - a potion of mutation {unknown}
 r - a potion of berserk rage {unknown}
 v - a potion of haste {unknown}
 z - 5 potions of curing {unknown}
 A - 3 potions of agility
 D - a potion of might {unknown}
 K - a potion of resistance {unknown}
Books
 c - a book of Battle

   Spells                             Type                      Level
   a - Infusion                       Charms                       1
   b - Shroud of Golubria             Charms/Translocation         2
   c - Song of Slaying                Charms                       2
   d - Spectral Weapon                Hexes/Charms                 3
   e - Regeneration                   Charms/Necromancy            3
Comestibles
 d - 19 rations
 n - 2 chunks of flesh


   Skills:
 + Level 6.8 Fighting
 + Level 4.9 Short Blades
 + Level 6.8 Long Blades
 + Level 4.9 Axes
 + Level 4.9 Maces & Flails
 + Level 4.9 Polearms
 + Level 4.9 Staves
 + Level 4.9 Slings
 + Level 4.9 Bows
 + Level 4.9 Crossbows
 + Level 4.9 Throwing
 + Level 5.6 Armour
 + Level 6.8 Dodging
 + Level 4.9 Stealth
 + Level 4.9 Shields
 + Level 4.9 Unarmed Combat
 + Level 7.1 Spellcasting
 + Level 4.0 Conjurations
 + Level 4.0 Hexes
 + Level 6.9 Charms
 + Level 4.0 Summonings
 + Level 4.0 Necromancy
 + Level 4.0 Translocations
 + Level 4.0 Transmutations
 + Level 4.0 Fire Magic
 + Level 4.0 Ice Magic
 + Level 4.0 Air Magic
 + Level 4.0 Earth Magic
 + Level 4.0 Poison Magic
 + Level 5.4 Invocations
 + Level 4.9 Evocations


You had 16 spell levels left.
You knew the following spells:

 Your Spells              Type           Power        Failure   Level  Hunger
a - Infusion              Chrm           ####         1%          1    None
b - Regeneration          Chrm/Necr      ####......   3%          3    #......
c - Spectral Weapon       Hex/Chrm       ####....     3%          3    #......


Dungeon Overview and Level Annotations

Branches:
Dungeon (8/15)             Temple (0/1) D:5
   Lair: D:8-11

Altars:
Elyvilon
Gozag
Makhleb
Nemelex Xobeh
Okawaru
Qazlal
Ru
Sif Muna
Trog
Uskayaw
Wu Jian
Xom
Yredelemnul

Shops:
D:5 [

Annotations:
D:4 Blork the orc


Innate Abilities, Weirdness & Mutations

Your experience applies equally to all skills.
You have very sharp teeth.
Your uncanny sense of smell can sniff out nearby items.


Message History

The orc priest hits you but does no damage.
The orc priest closely misses your spectral weapon.
You barely miss the orc priest.
Your spectral weapon hits the orc priest.
The phantom barely misses you. The orc priest completely misses you.
The orc priest hits your spectral weapon with a hand axe.
Your spectral weapon shares its damage with you!
* * * LOW HITPOINT WARNING * * *
A bullfrog comes into view.
You completely miss the orc priest. Your bite misses the orc priest.
The orc priest is moderately wounded.
Your spectral weapon hits the orc priest!
You kill the orc priest!
The Council accepts your kill.
The phantom blinks!
A black bear comes into view.
You closely miss the bullfrog. Your punch misses the bullfrog.
Your spectral weapon barely misses the bullfrog.
The bullfrog hits you!
You die...

# .## . .. c.
#######.##... ##
######∆........o.. ###..
.......%##$....... ....
..# #W##†#.....# #..#
#.# ##.#....h...# . #..#
#.# #@F..#..#.### .#
#..# #.###(§#.F..#
.####..#####...).(##.#.#
.............∆.†(.# .#.#
..P.P..############ .#.#
..._...# .. . ..P.P..#
#. . .......# ..
.#.....# ∆


You could see a phantom, a black bear, 2 bullfrogs and a friendly spectral
trident.

Vanquished Creatures
  The ghost of jazmu the Conjurer, a novice OpFE (D:6)
  Grinder (D:4)
  The ghost of KeeTraxx the Insei, an amateur MfTm (D:5)
  4 hogs (D:7)
  A human (D:7)
  Purgy (D:4)
  A sky beast (D:7)
  2 phantoms (D:4)
  4 centaurs
  An ogre (D:6)
  A crocodile (D:7)
  2 bullfrogs
  A big kobold (D:8)
  4 scorpions
  2 howler monkeys (D:4)
  3 crimson imps
  7 hounds
  A gnoll shaman (D:5)
  3 orc wizards
  2 orc priests
  A centaur skeleton (D:5)
  Ijyb (D:3)
  An iguana (D:4)
  Natasha (thrice) (D:3)
  4 worker ants
  2 hound skeletons (D:4)
  A worker ant zombie (D:7)
  8 gnolls
  8 adders
  A shadow imp (D:5)
  An adder zombie (D:7)
  9 worms
  3 dart slugs
  4 leopard geckos
  15 orcs
  A ball python (D:6)
  5 giant cockroaches
  7 goblins
  4 hobgoblins
  12 jackals
  12 kobolds
  2 quokkas
  5 bats
  3 frilled lizards
  A quokka zombie (D:5)
  10 rats
167 creatures vanquished.

Vanquished Creatures (others)
  5 spectral weapons
5 creatures vanquished.

Grand Total: 172 creatures vanquished

Notes
Turn   | Place    | Note
-------+----------+-------------------------------------------
     0 | D:1      | KeeTraxx the Gnoll Skald began the quest for the Orb.
     0 | D:1      | Reached XP level 1. HP: 20/20 MP: 6/6
    62 | D:1      | Reached XP level 2. HP: 21/26 MP: 7/7
   372 | D:1      | Reached XP level 3. HP: 30/31 MP: 9/9
   378 | D:1      | Reached skill level 5 in Spellcasting
   877 | D:2      | Reached skill level 1 in Invocations
   895 | D:2      | Learned a level 3 spell: Regeneration
   899 | D:2      | Learned a level 3 spell: Spectral Weapon
   998 | D:2      | Reached skill level 1 in Short Blades
   998 | D:2      | Reached skill level 1 in Axes
   998 | D:2      | Reached skill level 1 in Maces & Flails
   998 | D:2      | Reached skill level 1 in Polearms
   998 | D:2      | Reached skill level 1 in Staves
   998 | D:2      | Reached skill level 1 in Slings
   998 | D:2      | Reached skill level 1 in Bows
   998 | D:2      | Reached skill level 1 in Crossbows
   998 | D:2      | Reached skill level 1 in Throwing
   998 | D:2      | Reached skill level 1 in Stealth
   998 | D:2      | Reached skill level 1 in Shields
   998 | D:2      | Reached skill level 1 in Unarmed Combat
   998 | D:2      | Reached skill level 1 in Evocations
  1005 | D:2      | Reached XP level 4. HP: 18/38 MP: 11/11
  1310 | D:2      | Found a deep blue altar of Sif Muna.
  1589 | D:2      | Reached skill level 1 in Conjurations
  1589 | D:2      | Reached skill level 1 in Hexes
  1589 | D:2      | Reached skill level 1 in Summonings
  1589 | D:2      | Reached skill level 1 in Necromancy
  1589 | D:2      | Reached skill level 1 in Translocations
  1589 | D:2      | Reached skill level 1 in Transmutations
  1589 | D:2      | Reached skill level 1 in Fire Magic
  1589 | D:2      | Reached skill level 1 in Ice Magic
  1589 | D:2      | Reached skill level 1 in Air Magic
  1589 | D:2      | Reached skill level 1 in Earth Magic
  1589 | D:2      | Reached skill level 1 in Poison Magic
  1781 | D:2      | Found a faded altar of an unknown god.
  1817 | D:3      | Reached XP level 5. HP: 34/43 MP: 9/12
  1931 | D:2      | Became a worshipper of the Wu Jian Council
  1931 | D:2      | Reached * piety under Wu Jian
  2003 | D:3      | Noticed Natasha
  2011 | D:3      | Killed Natasha
  2470 | D:3      | Reached XP level 6. HP: 47/50 MP: 13/13
  2549 | D:3      | Noticed a moth of wrath
  2552 | D:3      | Found a bloodstained altar of Trog.
  2579 | D:3      | Noticed Natasha
  2592 | D:3      | Killed Natasha
  2607 | D:3      | Reached ** piety under Wu Jian
  2647 | D:3      | Noticed Ijyb
  2659 | D:3      | Killed Ijyb
  2659 | D:3      | Reached skill level 5 in Fighting
  2659 | D:3      | Reached skill level 5 in Long Blades
  2659 | D:3      | Reached skill level 5 in Dodging
  2877 | D:3      | Noticed Natasha
  2884 | D:3      | Killed Natasha
  2896 | D:4      | Noticed Purgy
  2916 | D:4      | Killed Purgy
  2916 | D:4      | Reached XP level 7. HP: 42/56 MP: 7/15
  3141 | D:4      | Found a shimmering altar of Xom.
  3168 | D:4      | Found a shimmering altar of Xom.
  3169 | D:4      | Found a shimmering altar of Xom.
  3169 | D:4      | Found a shimmering altar of Xom.
  3170 | D:4      | Found a shimmering altar of Xom.
  3171 | D:4      | Found a shimmering altar of Xom.
  3174 | D:4      | Found a shimmering altar of Xom.
  3229 | D:4      | Noticed Grinder
  3238 | D:4      | Noticed Blork the orc
  3266 | D:4      | Paralysed by Grinder for 7 turns
  3274 | D:4      | Killed Grinder
  3274 | D:4      | Reached XP level 8. HP: 7/63 MP: 13/16
  3771 | D:5      | Entered Level 5 of the Dungeon
  3792 | D:5      | Noticed KeeTraxx's ghost (amateur MfTm)
  3812 | D:5      | Killed KeeTraxx's ghost
  3812 | D:5      | Reached skill level 6 in Spellcasting
  3995 | D:5      | Found Saqyela's Antique Armour Shoppe.
  3998 | D:5      | Bought a fabulously ornate robe for 153 gold pieces
  3998 | D:5      | Identified the +3 robe of Parlour Games {MR+ SInv Stlth+} (You bought it in a shop on level 5 of the Dungeon)
  4167 | D:5      | Found a hide-covered altar of Uskayaw.
  4190 | D:5      | Reached *** piety under Wu Jian
  4351 | D:5      | Found a shimmering altar of Xom.
  4430 | D:5      | Found a staircase to the Ecumenical Temple.
  4690 | D:6      | Reached XP level 9. HP: 58/69 MP: 12/18
  4724 | D:6      | Noticed jazmu's ghost (novice OpFE)
  4745 | D:6      | Killed jazmu's ghost
  4802 | D:6      | Found an iron altar of Okawaru.
  5323 | D:6      | Found an opulent altar of Gozag.
  5352 | D:5      | Found a white marble altar of Elyvilon.
  5397 | D:7      | Reached skill level 5 in Armour
  5455 | D:7      | Found a sparkling altar of Nemelex Xobeh.
  5517 | D:7      | Found a sacrificial altar of Ru.
  5860 | D:7      | Reached skill level 5 in Invocations
  6151 | D:7      | Reached XP level 10. HP: 60/77 MP: 12/20
  6166 | D:7      | Reached skill level 7 in Spellcasting
  6299 | D:7      | Found a burning altar of Makhleb.
  6301 | D:7      | Noticed a green death
  6806 | D:8      | Found a stormy altar of Qazlal.
  6829 | D:8      | Found a basalt altar of Yredelemnul.
  6932 | D:8      | Reached **** piety under Wu Jian
  6942 | D:8      | Slain by a bullfrog

Skill      XL: |  1  2  3  4  5  6  7  8  9 10 |
---------------+-------------------------------+-----
Spellcasting   | 5 6 7 |  7.1
Invocations    | 1 2 3 4 5 |  5.4
Short Blades   | 1 2 3 4 |  4.9
Axes           | 1 2 3 4 |  4.9
Maces & Flails | 1 2 3 4 |  4.9
Polearms       | 1 2 3 4 |  4.9
Staves         | 1 2 3 4 |  4.9
Slings         | 1 2 3 4 |  4.9
Bows           | 1 2 3 4 |  4.9
Crossbows      | 1 2 3 4 |  4.9
Throwing       | 1 2 3 4 |  4.9
Stealth        | 1 2 3 4 |  4.9
Shields        | 1 2 3 4 |  4.9
Unarmed Combat | 1 2 3 4 |  4.9
Evocations     | 1 2 3 4 |  4.9
Conjurations   | 1 2 3 4 |  4.0
Hexes          | 1 2 3 4 |  4.0
Summonings     | 1 2 3 4 |  4.0
Necromancy     | 1 2 3 4 |  4.0
Translocations | 1 2 3 4 |  4.0
Transmutations | 1 2 3 4 |  4.0
Fire Magic     | 1 2 3 4 |  4.0
Ice Magic      | 1 2 3 4 |  4.0
Air Magic      | 1 2 3 4 |  4.0
Earth Magic    | 1 2 3 4 |  4.0
Poison Magic   | 1 2 3 4 |  4.0
Armour         | 3 4 5 |  5.6
Fighting       | 5 6 |  6.8
Long Blades    | 5 6 |  6.8
Dodging        | 5 6 |  6.8
Charms         | 6 |  6.9

Action                   |  1- 3 |  4- 6 |  7- 9 | 10-12 || total
-------------------------+-------+-------+-------+-------++-------
Melee: Falchion          |    86 |    80 |     1 |       ||   167
       Bite              |     4 |    20 |    28 |     3 ||    55
       Punch             |       |     2 |     9 |       ||    11
       Trident           |       |    69 |   255 |    59 ||   383
 Fire: Hunting sling     |     2 |       |       |       ||     2
Throw: Stone             |       |     1 |       |       ||     1
 Cast: Spectral Weapon   |       |    14 |    30 |     4 ||    48
       Infusion          |       |     4 |    12 |     1 ||    17
       Regeneration      |       |     1 |    16 |     1 ||    18
Invok: Lunge             |       |     3 |       |       ||     3
       Whirlwind         |       |     1 |     1 |     3 ||     5
       Wall Jump         |       |     1 |       |       ||     1
       Serpent's Lash    |       |       |       |     1 ||     1
  Use: Scroll            |       |       |     1 |     6 ||     7
 Stab: Sleeping          |       |     2 |     8 |     3 ||    13
       Distracted        |       |     1 |     2 |       ||     3
  Eat: Chunk             |       |     8 |    12 |     3 ||    23
Armor: Leather armour    |    13 |    27 |     7 |       ||    47
       Robe              |       |       |    19 |     5 ||    24
Dodge: Dodged            |    63 |    94 |   133 |    39 ||   329
       Rpst.: Falchion   |    22 |    19 |     2 |       ||    43
